 Dungeon Crawl Stone Soup version 0.23-a0-319-gb40ba49 (webtiles) character file.

1448 Gildeon the Archer (level 8, 0/68 HPs)
             Began as a Minotaur Hunter on Oct 14, 2018.
             Slain by a slave (7 damage)
             ... led by Pikel
             ... on level 5 of the Dungeon.
             The game lasted 00:23:05 (5020 turns).

Gildeon the Archer (Minotaur Hunter)                Turns: 5020, Time: 00:23:06

Health: 0/68       AC:  9    Str: 19    XL:     8   Next: 46%
Magic:  7/7        EV:  9    Int:  8    God:
Gold:   211        SH:  0    Dex: 11    Spells: 7/7 levels left

rFire    . . .     SeeInvis .   d - +0 war axe
rCold    . . .     Gourm    .   (no shield)
rNeg     . . .     Faith    .   r - +0 chain mail
rPois    .         Spirit   .   (helmet restricted)
rElec    .         Reflect  .   (no cloak)
rCorr    .         Harm     .   (no gloves)
MR       .....                  (no boots)
Stlth    ..........             (no amulet)
HPRegen  0.21/turn              (no ring)
MPRegen  0.10/turn              (no ring)

@: no status effects
A: retaliatory headbutt, horns 2
a: no special abilities


You were on level 5 of the Dungeon.
You were hungry.

You visited 2 branches of the dungeon, and saw 6 of its levels.

You collected 211 gold pieces.

Inventory:

Hand Weapons
 a - a +2 shortbow
 d - a +0 war axe (weapon)
 m - a +0 morningstar
Missiles
 q - 3 arrows
Armour
 r - a +0 chain mail (worn)
Scrolls
 e - 3 scrolls of enchant armour
 k - a scroll of blinking
 n - 2 scrolls of remove curse
 p - a scroll of fear
 u - a scroll of enchant weapon
Potions
 b - a potion of cancellation
 c - a potion of agility {unknown}
 g - a potion of might
 h - 3 potions of curing
 i - 2 potions of degeneration {unknown}
 j - 3 potions of heal wounds {unknown}
 l - 4 potions of haste {unknown}
 s - a potion of mutation {unknown}
Comestibles
 f - 13 rations


   Skills:
 - Level 5.0 Fighting
 * Level 4.5 Axes
 * Level 8.5 Bows
 - Level 5.0 Armour
 - Level 5.0 Dodging
 - Level 0.7 Stealth


You had 7 spell levels left.
You didn't know any spells.
Your spell library was empty.

Dungeon Overview and Level Annotations

Branches:
Dungeon (5/15)             Temple (1/1) D:5

Altars:
Cheibriados
Dithmenos
Fedhas
Gozag
Hepliaklqana
Kikubaaqudgha
Makhleb
Nemelex Xobeh
Okawaru
Qazlal
Ru
Uskayaw
Vehumet
Wu Jian
Xom
Yredelemnul
Zin
The Shining One

Annotations:
D:5 Pikel


Innate Abilities, Weirdness & Mutations

You reflexively headbutt those who attack you in melee.
You have a pair of horns on your head.


Message History

Pikel is almost dead.
You slash the iguana! You completely miss the slave.
Pikel hits you but does no damage. The slave closely misses you.
The iguana bites you but does no damage.
Unknown command.
You closely miss Pikel.
Pikel is almost dead.
You closely miss the slave.
Your chain mail prevents you from hitting the iguana.
You are feeling hungry.
Pikel hits you but does no damage. The slave hits you.
* * * LOW HITPOINT WARNING * * *
The iguana completely misses you. Pikel hits you with a whip of flaming.
* * * LOW HITPOINT WARNING * * *
Pikel burns you.
* * * LOW HITPOINT WARNING * * *
You hit Pikel but do no damage.
Pikel is almost dead.
You hit the slave. You barely miss the iguana. The slave hits you!
You die...

♣...## P ..... ≈≈♣.... ♣≈....##
≈≈≈≈≈ ♣P...((##.#
≈≈≈≈≈≈≈♣....p##.#
≈≈≈≈P♣♣≈...pK##.#
≈≈≈≈≈≈≈♣..pl@##.#
≈≈≈P≈♣≈####.(#.#
≈≈≈≈≈P≈≈..###.#.#
≈≈≈≈≈≈≈≈P♣≈P..###.#.#############
≈≈≈≈≈≈≈P≈♣≈........)...).........
≈≈≈≈≈≈≈≈≈♣♣...###...#############
≈≈P≈≈≈≈≈≈♣≈...# ##..# ♣
≈≈≈≈≈≈P≈♣...# #..######
≈≈P♣≈≈P≈≈♣).### #.)#....#


You could see Pikel, 3 slaves and an iguana.

Vanquished Creatures
  Sigmund (D:3)
  A slave (D:5)
  2 phantoms
  3 ogres
  A water moccasin zombie (D:5)
  6 gnoll shamans
  3 orc priests
  2 orc wizards (D:4)
  A worker ant (D:4)
  A hound zombie (D:5)
  A hound skeleton (D:4)
  30 gnolls
  6 adders
  An ooze (D:2)
  A leopard gecko (D:4)
  18 orcs
  2 giant cockroaches (D:4)
  6 goblins
  5 hobgoblins
  22 jackals
  9 kobolds
  2 quokkas
  A ball python (D:2)
  4 bats
  3 frilled lizards
  A leopard gecko zombie (D:5)
  4 rats (D:1)
137 creatures vanquished.

Vanquished Creatures (others)
  An orc wizard (D:5)
1 creature vanquished.

Grand Total: 138 creatures vanquished

Notes
Turn   | Place    | Note
-------+----------+-------------------------------------------
     0 | D:1      | Gildeon the Minotaur Hunter began the quest for the Orb.
     0 | D:1      | Reached XP level 1. HP: 18/18 MP: 0/0
   192 | D:1      | Reached XP level 2. HP: 25/25 MP: 1/1
   548 | D:1      | Reached skill level 1 in Armour
   857 | D:2      | Found an iron altar of Okawaru.
   863 | D:2      | Reached XP level 3. HP: 21/30 MP: 2/2
  1076 | D:2      | Reached skill level 5 in Bows
  1671 | D:3      | Reached XP level 4. HP: 32/38 MP: 3/3
  2045 | D:3      | Noticed Sigmund
  2062 | D:3      | Killed Sigmund
  2062 | D:3      | Reached skill level 6 in Bows
  2062 | D:3      | Reached XP level 5. HP: 28/46 MP: 4/4
  2123 | D:3      | Reached XP level 6. HP: 40/52 MP: 5/5
  2270 | D:3      | Reached XP level 7. HP: 30/60 MP: 6/6
  2364 | D:3      | Reached skill level 7 in Bows
  3210 | D:4      | Reached skill level 5 in Fighting
  3414 | D:4      | Reached skill level 1 in Axes
  3864 | D:4      | Reached XP level 8. HP: 68/68 MP: 7/7
  4254 | D:4      | Reached skill level 5 in Dodging
  4295 | D:4      | Reached skill level 8 in Bows
  4493 | D:5      | Entered Level 5 of the Dungeon
  4553 | D:5      | Reached skill level 5 in Armour
  4596 | D:5      | Found a staircase to the Ecumenical Temple.
  4610 | Temple   | Entered the Ecumenical Temple
  5001 | D:5      | Noticed Pikel
  5020 | D:5      | Slain by a slave

Vault maps used:
D:1:      dpeg_arrival_tiny_g, nrook_mini_vaults
D:2:      okawaru_trees_1
D:3:      lemuel_castle_with_subvaults, serial_rivers,
          chequers_serial_rivers_marsh, chequers_serial_rivers_room_a,
          chequers_serial_rivers_small_a, chequers_serial_rivers_small_a,
          chequers_serial_rivers_room_b, uniq_sigmund
D:4:      minmay_wonky_spiral, first_ration
D:5:      minmay_temple_entry_butterflies, serial_bayou_lake_a, uniq_pikel
Temple:   dpeg_five_rooms_temple

Skill      XL: |  1  2  3  4  5  6  7  8 |
---------------+-------------------------+-----
Armour         | 1 2 3 4 5 |  5.0
Fighting       | 3 4 5 |  5.0
Bows           | 5 6 7 8 |  8.5
Dodging        | 3 4 5 |  5.0
Axes           | 2 4 |  4.5
Stealth        | |  0.7

Action                   |  1- 3 |  4- 6 |  7- 9 || total
-------------------------+-------+-------+-------++-------
Melee: Short sword       |     9 |       |       ||     9
       Headbutt          |     3 |     2 |    12 ||    17
       Trident           |       |    15 |    46 ||    61
       War axe           |       |       |    14 ||    14
       Shortbow          |       |       |     1 ||     1
 Fire: Shortbow          |    98 |   117 |   216 ||   431
  Use: Scroll            |     8 |       |     5 ||    13
  Eat: Chunk             |     2 |     2 |     8 ||    12
Armor: Ring mail         |    21 |    13 |    26 ||    60
       Chain mail        |       |       |    24 ||    24
Dodge: Dodged            |    33 |    31 |    81 ||   145

Table legend:
 A = Non-vault XP
 B = Vault XP
 C = Vault XP percentage of total XP
 D = Non-vault monster count
 E = Vault monster count
 F = Vault count percentage of total count
                 A         B        C        D         E       F
            +---------+---------+-------+---------+---------+-------
      Total |    1118 |     951 |  46.0 |      84 |      53 |  38.7
            +---------+---------+-------+---------+---------+-------
        D:1 |      24 |       0 |   0.0 |      15 |       0 |   0.0
        D:2 |      60 |       0 |   0.0 |      19 |       0 |   0.0
        D:3 |      26 |     931 |  97.3 |       7 |      51 |  87.9
        D:4 |     656 |      20 |   3.0 |      29 |       2 |   6.5
        D:5 |     352 |       0 |   0.0 |      14 |       0 |   0.0
            +---------+---------+-------+---------+---------+-------
